 Dungeon Crawl Stone Soup version 0.30.0-18-gf1372a6a44 (webtiles) character file.

Game seed: 7838757250501445163

15 qw the Shield-Bearer (level 2, -1/19 HPs)
             Began as a Gargoyle Fighter on May 23, 2023.
             Slain by Terence
             ... wielding a +0 hand axe
              (6 damage)
             ... on level 2 of the Dungeon.
             The game lasted 00:00:20 (997 turns).

qw the Shield-Bearer (Gargoyle Fighter)              Turns: 997, Time: 00:00:20

Health: -1/19      AC: 14    Str: 19    XL:     2   Next: 50%
Magic:  2/2        EV:  2    Int:  8    God:
Gold:   0          SH:  4    Dex:  9    Spells: 1/1 levels left

rFire   . . .        Y - +1 war axe
rCold   . . .        c - +0 buckler
rNeg    + . .        e - +0 plate armour
rPois   inf          (no helmet)
rElec   +            (no cloak)
rCorr   .            (no gloves)
SInv    .            (no boots)
Will    .....        h - amulet of the acrobat Stlth
                     (no ring)
HPRegen 0.23/turn    (no ring)
MPRegen 0.08/turn

%: acrobat
@: grasped by roots, constricted
A: sickness immunity, AC +2, negative energy resistance 1, electricity
resistance, torment resistance 1, petrification resistance
a: no special abilities


You were on level 2 of the Dungeon.
You visited 1 branch of the dungeon, and saw 2 of its levels.


Innate Abilities, Weirdness & Mutations

You are immune to sickness and miasma.
Your stone body is resilient. (AC +2)
You are immune to poison.
You resist negative energy. (rN+)
You are resistant to electric shocks. (rElec)
You are resistant to unholy torment.
You are immune to petrification.


   Skills:
 - Level 3.2 Fighting
 + Level 2.7 Axes
 - Level 3.2 Armour
 - Level 3.2 Shields


You had one spell level left.
You didn't know any spells.
Your spell library was empty.

Inventory:

Hand Weapons
 j - a +0 whip
 Y - a +1 war axe (weapon)
Armour
 c - a +0 buckler (worn)
 e - a +0 plate armour (worn)
Jewellery
 h - an amulet of the acrobat (around neck)
Potions
 a - a potion of mutation {unknown}
 d - a potion of might
 g - a potion of magic {unknown}

Dungeon Overview and Level Annotations

Branches:
Dungeon (2/15)

Altars:

Annotations:
D:2 Terence


Message History

Waypoint 1 assigned to D:2.
a - a viscous black potion
Found a book of Alchemy.
A hobgoblin comes into view.
The hobgoblin shouts!
Terence the Incautious comes into view.
He is wielding a +0 hand axe, wearing a +0 chain mail of fire resistance and carrying a wand of roots (8).
Terence shouts!
You hit the hobgoblin.
You kill the hobgoblin!
988 ||| Stepping ~*~*~tactically~*~*~ (hiding).
989 ||| Stepping ~*~*~tactically~*~*~ (hiding).
You start waiting.
Terence is nearby!
You hit Terence.
Terence is lightly wounded.
Terence zaps a wand.
The roots erupt in riotous growth!
The grasping roots grab you!
Terence is unaffected.
The grasping roots constrict you.
You hit Terence but do no damage.
Terence is lightly wounded.
Terence hits you with a +0 hand axe. The grasping roots constrict you.
Terence hits you but does no damage. The grasping roots constrict you.
You closely miss Terence.
Terence is lightly wounded.
Terence screams, "I want your blood!" You block Terence's attack.
The grasping roots constrict you.
The grasping roots release their grip on you.
You barely miss Terence.
Terence is lightly wounded.
Terence zaps a wand.
The roots erupt in riotous growth!
The grasping roots grab you!
Terence is unaffected.
The grasping roots constrict you. Terence hits you but does no damage.
The grasping roots constrict you.
You hit Terence but do no damage.
Terence is lightly wounded.
Terence hits you but does no damage. The grasping roots constrict you.
You slash Terence!
Terence is severely wounded.
Terence hits you with a +0 hand axe.
You die...

..# ..#######
......... #........
##....!...
...:.....
#######@.......
#.....@........
#.###.#............
#....<+....########
#######.......
..........
#######..... ###+#


You could see Terence.

Vanquished Creatures
  A dart slug (D:1)
  2 bats (D:1)
  An endoplasm (D:1)
  2 hobgoblins
  A kobold (D:1)
  A quokka (D:1)
  4 frilled lizards (D:1)
  A rat (D:1)
13 creatures vanquished.

Notes
Turn   | Place    | Note
-------+----------+-------------------------------------------
     0 | D:1      | qw the Gargoyle Fighter began the quest for the Orb.
     0 | D:1      | Reached XP level 1. HP: 14/14 MP: 1/1
     0 | D:1      | 0 ||| qw: Version: 0.2-a-98-g5d7165a
     0 | D:1      | 0 ||| qw: Game counter: 8
     0 | D:1      | 0 ||| qw: Always use a shield: true
     0 | D:1      | 0 ||| qw: God list: Okawaru
     0 | D:1      | 0 ||| qw: Allow faded altars: false
     0 | D:1      | 0 ||| qw: Do Orc after D:15 true
     0 | D:1      | 0 ||| qw: Do second Lair branch before Depths: true
     0 | D:1      | 0 ||| qw: Lair rune preference: random
     0 | D:1      | 0 ||| qw: Plans: Normal, Zot:1-4, God:TSO, Crypt, Tomb,
                  | Pan, Slime:5, Hells, Abyss, Win
     0 | D:1      | 0 ||| PLANNING D:1-11
   293 | D:1      | 293 ||| Stepping ~*~*~tactically~*~*~ (hiding).
   331 | D:1      | Reached XP level 2. HP: 17/19 MP: 2/2
   896 | D:1      | 896 ||| UPGRADING to +0 plate armour.
   906 | D:1      | 906 ||| DROPPING +0 scale mail.
   907 | D:1      | 907 ||| UPGRADING to amulet of the acrobat.
   912 | D:1      | 912 ||| READING scroll labelled BESIEFOWKI.
   913 | D:1      | 913 ||| READING scroll labelled QEURRU VONK.
   914 | D:1      | 914 ||| READING scroll labelled MUXOUPSIL.
   915 | D:1      | 915 ||| READING scroll labelled IRAVOT RODOMM.
   986 | D:2      | Noticed Terence
   988 | D:2      | 988 ||| Stepping ~*~*~tactically~*~*~ (hiding).
   989 | D:2      | 989 ||| Stepping ~*~*~tactically~*~*~ (hiding).
   997 | D:2      | Slain by Terence

Levels and vault maps discovered:
D:1:      lightli_arrival_boilingwater, layout_loops_corners, minivault_19
D:2:      layout_basic, uniq_terence

Skill      XL: |  1 |
---------------+----+-----
Axes           | 2 |  2.7
Fighting       | |  3.2
Armour         | |  3.2
Shields        | |  3.2

Action                     || total
---------------------------++-------
  Melee: War axe           ||    45
    Use: Scroll            ||     4
 Armour: Scale mail        ||    15
         Plate armour      ||     3
  Dodge: Dodged            ||    13
  Block: Buckler           ||    12

Table legend:
 A = Non-vault XP
 B = Vault XP
 C = Vault XP percentage of total XP
 D = Non-vault monster count
 E = Vault monster count
 F = Vault count percentage of total count
                 A         B        C        D         E       F
            +---------+---------+-------+---------+---------+-------
      Total |      22 |       0 |   0.0 |      13 |       0 |   0.0
            +---------+---------+-------+---------+---------+-------
        D:1 |      20 |       0 |   0.0 |      12 |       0 |   0.0
        D:2 |       2 |       0 |   0.0 |       1 |       0 |   0.0
            +---------+---------+-------+---------+---------+-------
